 Dungeon Crawl Stone Soup version 0.18.1-6-gd335043 (webtiles) character file.

96 mindo the Chiller (level 4, -3/30 HPs)
             Began as a Human Ice Elementalist on May 20, 2016.
             Slain by Sigmund
             ... wielding a +0 scythe
              (9 damage)
             ... on level 2 of the Dungeon.
             The game lasted 00:22:32 (1757 turns).

mindo the Chiller (Human Ice Elementalist)          Turns: 1757, Time: 00:22:32

Health: -3/30      AC:  5    Str: 10    XL:     4   Next: 98%
Magic:  2/2        EV: 12    Int: 17    God:
Gold:   80         SH:  0    Dex: 13    Spells: 2 memorised, 4 levels left

rFire  + . .     SeeInvis .     v - +2 trident (antimagic)
rCold  + . .     Gourm    .     a - +0 robe
rNeg   . . .     Faith    .     (no shield)
rPois  +         Spirit   .     (no helmet)
rElec  +         Dismiss  .     (no cloak)
rCorr  +         Reflect  .     m - +2 pair of gloves
SustAt .         Harm     .     (no boots)
MR     .....                    (no amulet)
Stlth  ++........               (no ring)
                                u - +2 ring of strength

@: resistant, not resistant to hostile enchantments, unstealthy
A: no striking features
a: no special abilities


You were on level 2 of the Dungeon.
You were not hungry.

You visited 1 branch of the dungeon, and saw 2 of its levels.

You collected 80 gold pieces.

Inventory:

Hand Weapons
 d - a +0 club
 e - a +0 hunting sling
 h - a +0 dagger
 i - a -3 halberd
 k - a +0 club
 v - a +2 antimagic trident (weapon)
Armour
 a - a +0 robe (worn)
 m - a +2 pair of gloves (worn)
Jewellery
 u - a +2 ring of strength (left hand)
Wands
 t - a wand of random effects (19/48)
Scrolls
 c - a scroll of identify
 g - a scroll of enchant weapon
 o - 3 scrolls of teleportation {unknown}
 s - a scroll of recharging {unknown}
Potions
 p - a potion of mutation {unknown}
 q - 2 potions of curing {unknown}
 r - a potion of cure mutation {unknown}
Books
 b - a book of Frost

   Spells                             Type                      Level
   a - Freeze                         Ice                          1
   b - Throw Frost                    Conjuration/Ice              2
   c - Ozocubu's Armour               Charms/Ice                   3
   d - Throw Icicle                   Conjuration/Ice              4
   e - Summon Ice Beast               Ice/Summoning                4
Comestibles
 f - a fruit
 l - a meat ration


   Skills:
 + Level 0.2 Fighting
 + Level 2.2 Dodging
 + Level 2.0 Stealth
 + Level 3.3 Spellcasting
   Level 1.0 Conjurations
 + Level 4.1 Ice Magic


You had 4 spell levels left.
You knew the following spells:

 Your Spells              Type           Power        Failure   Level  Hunger
a - Freeze                Ice            ###.         3%          1    None
b - Summon Ice Beast      Ice/Summ       #.......     82%         4    ####...


Dungeon Overview and Level Annotations

Branches:
Dungeon (2/15)

Altars:

Annotations:
D:2 Sigmund


Message History

You see here an adder corpse.
You hear some strange, mumbled words.
Something tries to affect you, but you resist.
You hear some strange, mumbled words.
You are confused.
You bump into the rock wall.
You bump into the rock wall.
Something hits you.
You're too confused to cast spells.
You're too confused!
You're too confused to cast spells.
You bump into the rock wall.
You're too confused to move!
Something hits you!
You bump into the rock wall.
Something hits you!
* * * LOW HITPOINT WARNING * * *
You bump into the rock wall.
You feel less confused.
It was a potion of resistance.
You feel protected. Something hits you!
You die...

##.## . #..# .. #..#########
..... ##.........###
........
#########...#######.......$.
###..........$......
####..>...............
######^...####.............
#.........@................
##############............#
#)†........#..
#..).......#..
#.........<...
#...........## #...........
# #####....... # ....... #


There were no monsters in sight!

Vanquished Creatures
  A gnoll (D:1)
  6 adders (D:2)
  2 dart slugs
  A ball python (D:1)
  5 bats
  A giant cockroach (D:1)
  4 goblins
  2 hobgoblins
  6 kobolds
  A giant newt (D:2)
  5 rats
34 creatures vanquished.

Notes
Turn   | Place    | Note
--------------------------------------------------------------
     0 | D:1      | mindo the Human Ice Elementalist began the quest for the Orb.
     0 | D:1      | Reached XP level 1. HP: 13/13 MP: 3/3
   280 | D:1      | Reached XP level 2. HP: 19/19 MP: 1/5
   485 | D:1      | Reached XP level 3. HP: 24/24 MP: 1/6
  1046 | D:2      | Noticed Sigmund
  1113 | D:2      | Reached XP level 4. HP: 30/30 MP: 4/8
  1331 | D:2      | Reached skill level 4 in Ice Magic
  1408 | D:2      | Learned a level 4 spell: Summon Ice Beast
  1757 | D:2      | Slain by Sigmund

Skill      XL: |  1  2  3  4 |
---------------+-------------+-----
Spellcasting   | 3 |  3.3
Ice Magic      | 4 |  4.1
Fighting       | |  0.2
Dodging        | |  2.2
Stealth        | |  2.0
Conjurations   | |  1.0

Action                   |  1- 3 |  4- 6 || total
-------------------------+-------+-------++-------
Melee: Dagger            |     1 |       ||     1
 Cast: Freeze            |    43 |    19 ||    62
       Summon Ice Beast  |       |     1 ||     1
Evoke: Wand              |       |     2 ||     2
  Use: Scroll            |       |     3 ||     3
       Potion            |       |     1 ||     1
  Eat: Fruit             |     1 |       ||     1
       Bread ration      |       |     1 ||     1
Armor: Robe              |     7 |     8 ||    15
Dodge: Dodged            |    19 |    11 ||    30
